 Dungeon Crawl Stone Soup version 0.30.1-3-gfc49f6343a (webtiles) character file.

Game seed: 9068253144863413098

85 javelincjr the Caller (level 4, 0/28 HPs)
             Began as an Octopode Summoner on Aug 8, 2023.
             Slain by a sky beast (3 damage)
             ... on level 3 of the Dungeon.
             The game lasted 00:07:16 (1827 turns).

javelincjr the Caller (Octopode Summoner)           Turns: 1827, Time: 00:07:16

Health: 0/28       AC:  1    Str:  7    XL:     4   Next: 48%
Magic:  3/7        EV: 13    Int: 19    God:
Gold:   96         SH:  0    Dex: 12    Spells: 5/8 levels left

rFire   . . .        i - +2 short sword (freeze)
rCold   . . .        (no shield)
rNeg    . . .        (helmet restricted)
rPois   .            (no amulet)
rElec   .            (no ring)
rCorr   .            (no ring)
SInv    .            (no ring)
Will    .....        (no ring)
Stlth   +++          (no ring)
HPRegen 0.24/turn    (no ring)
MPRegen 0.10/turn    (no ring)
                     (no ring)

%: no passive effects
@: brilliant, very slightly contaminated
A: almost no armour, amphibious, 8 rings, camouflage 1, gelatinous body 1,
(nimble swimmer 1), tentacles
a: no special abilities


You were on level 3 of the Dungeon.
You visited 1 branch of the dungeon, and saw 3 of its levels.

You collected 96 gold pieces.

Inventory:

Hand Weapons
 c - a +0 dagger
 i - a +2 short sword of freezing (weapon)
Missiles
 g - 4 poisoned darts
Scrolls
 f - a scroll of teleportation {unknown}
 h - a scroll of immolation {unknown}
 k - a scroll of noise {unknown}
 m - a scroll of blinking {unknown}
Potions
 a - 2 potions of magic
 b - a potion of mutation {unknown}
 d - a potion of brilliance
 e - a potion of heal wounds {unknown}
 j - a potion of lignification {unknown}
 l - a potion of ambrosia {unknown}
 n - a potion of resistance {unknown}


   Skills:
 + Level 1.2 Fighting
 + Level 2.7 Dodging
 + Level 3.8 Stealth
 + Level 2.5 Spellcasting
 + Level 4.4 Summonings


You had 5 spell levels left.
You knew the following spells:

 Your Spells              Type           Power      Damage    Failure   Level
a - Summon Small Mammal   Summ           100%       N/A       2%          1
b - Call Imp              Summ           56%        N/A       4%          2

Your spell library contained the following spells:

 Spells                   Type           Power      Damage    Failure   Level
 Call Canine Familiar     Summ           28%        N/A       8%          3
 Summon Guardian Golem    Hex/Summ       16%        N/A       19%         3
 Inner Flame              Hex/Fire       3%         N/A       43%         3
 Summon Lightning Spire   Summ/Air       16%        N/A       54%         4
 Flame Wave               Conj/Fire      3%         2d5       85%         4
 Sticky Flame             Conj/Fire      3%         2d3       85%         4


Dungeon Overview and Level Annotations

Branches:
Dungeon (3/15)

Altars:


Innate Abilities, Weirdness & Mutations

You cannot wear most types of armour.
You are amphibious.
You can wear up to eight rings at the same time.
Your skin changes colour to match your surroundings (Stealth+).
Your rubbery body absorbs attacks. (AC +1, EV +1)
((You are camouflaged when in or above water. (Stealth+)))
You have tentacles for arms and can constrict up to eight enemies at once.


Message History

Casting: Summon Small Mammal (safe; 2% risk of failure)
Confirm with . or Enter, or press ? or * to list all spells.
A tiny devil pulls itself out of the air.
Casting: Call Imp (safe; 4% risk of failure)
Confirm with . or Enter, or press ? or * to list all spells.
You miscast Summon Small Mammal.
You are very lightly contaminated with residual magic.
Nothing appears to happen.
Your cerulean imp hits the sky beast from afar with a -3 spear.
The sky beast attacks as you move away! The sky beast misses you.
Your cerulean imp misses the sky beast.
The sky beast flickers out of sight!
Deactivating autopickup; reactivate with Ctrl-A.
Casting: Summon Small Mammal (safe; 2% risk of failure)
Confirm with . or Enter, or press ? or * to list all spells.
Something hits you. Something shocks you.
You hit something. You freeze something. Your squeeze misses something.
A sky beast appears from thin air!
Reactivating autopickup.
The sky beast hits you but does no damage.
Your rat bites the sky beast but does no damage.
You barely miss the sky beast. Your squeeze misses the sky beast.
The sky beast is heavily wounded.
Your cerulean imp hits the sky beast but does no damage.
Your rat misses the sky beast. The sky beast hits you.
The sky beast shocks you.
You hit the sky beast. You freeze the sky beast.
You squeeze the sky beast, but do no damage.
The sky beast is heavily wounded.
Your cerulean imp closely misses the sky beast.
The sky beast flickers out of sight!
Deactivating autopickup; reactivate with Ctrl-A.
Something hits you.
* * * LOW HITPOINT WARNING * * *
Something shocks you.
* * * LOW HITPOINT WARNING * * *
Your rat misses something.
It was a potion of brilliance.
You feel clever all of a sudden.
Your rat barely misses something.
Something hits you.
You die...

##........(#
...(.......#########
###.##.##.........#
#.#...#.#######.#
###†.._...# #.#
.....#...#.# #.#
.###.##.##.# #.#
#.##....5...# #.#
#......@{r..# #.#
#.#########.# #.#
#.# #.# ### #.####
##....# #......
#.#...# ######..#.##
#.........#


You could see a friendly cerulean imp (summoned) and a friendly rat (summoned).

Vanquished Creatures
  2 adders (D:2)
  A worm (D:2)
  3 endoplasms
  2 giant cockroaches
  A hobgoblin (D:1)
  A jackal (D:2)
  3 quokkas (D:2)
  3 ball pythons
  3 frilled lizards
  2 kobolds
  A rat (D:1)
22 creatures vanquished.

Vanquished Creatures (collateral kills)
  A worm (D:2)
  A dart slug (D:1)
  6 endoplasms
  A goblin (D:1)
  4 hobgoblins
  3 jackals (D:2)
  3 quokkas (D:2)
  2 ball pythons (D:1)
  2 bats
  2 frilled lizards
  4 kobolds
  3 rats
32 creatures vanquished.

Grand Total: 54 creatures vanquished

Notes
Turn   | Place    | Note
-------+----------+-------------------------------------------
     0 | D:1      | javelincjr the Octopode Summoner began the quest for the
                  | Orb.
     0 | D:1      | Reached XP level 1. HP: 11/11 MP: 3/3
   136 | D:1      | Reached XP level 2. HP: 7/17 MP: 3/5
   276 | D:1      | Learned a level 2 spell: Call Imp
   597 | D:1      | Reached XP level 3. HP: 22/22 MP: 3/6
   878 | D:2      | Reached skill level 1 in Fighting
  1016 | D:2      | Reached XP level 4. HP: 28/28 MP: 4/7
  1788 | D:3      | Found a faded altar of an unknown god.
  1788 | D:3      | Noticed a sky beast
  1827 | D:3      | Slain by a sky beast

Illustrated notes

Levels and vault maps discovered:
D:1:      dpeg_arrival_leaves_temple_mockup, layout_basic
D:2:      layout_rooms
D:3:      layout_loops_ring, grunt_temple_overflow_gold_and_silver,
          mainiacjoe_overflow_alcove_1, ebering_ecumenical_altar_box,
          chequers_serial_rivers_small_b

Skill      XL: |  1  2  3 |
---------------+----------+-----
Stealth        | 3 |  3.8
Fighting       | 1 |  1.2
Dodging        | |  2.7
Spellcasting   | |  2.5
Summonings     | |  4.4

Action                     |  1- 3 |  4- 6 || total
---------------------------+-------+-------++-------
  Melee: Unarmed           |     5 |       ||     5
         Dagger            |    26 |    10 ||    36
         Constrict         |     9 |     3 ||    12
         Tentacles         |     4 |     4 ||     8
         Punch             |     1 |       ||     1
         Short sword       |       |     9 ||     9
   Cast: Summon Small Mamm |    19 |    11 ||    30
         Call Imp          |    10 |     9 ||    19
    Use: Potion            |       |     1 ||     1
   Stab: Sleeping          |     2 |       ||     2
 Armour: Skin              |     1 |     2 ||     3
  Dodge: Dodged            |    15 |     5 ||    20
